 Dungeon Crawl Stone Soup version 0.15-a0-462-gf669498 (webtiles) character file.

284 PolkaDot the Caller (level 5, -1/35 HPs)
             Began as a Vampire Summoner on May 7, 2014.
             Slain by an orc wizard
             ... wielding a +1,+0 dagger of electrocution
              (5 damage)
             ... on Level 3 of the Dungeon.
             The game lasted 00:07:11 (2151 turns).

PolkaDot the Caller (Vampire Summoner)              Turns: 2151, Time: 00:07:12

HP  -1/35        AC  3     Str  7      XL: 5   Next: 28%
MP  11/11        EV 12     Int 18      God:
Gold 110         SH  0     Dex 14      Spells:  2 memorised,  6 levels left

rFire  . . .     SeeInvis +     g - +3,+4 long sword
rCold  . . .     Clarity  .     a - +0 robe
rNeg   . . .     Conserve .     (no shield)
rPois  .         rCorr    .     (no helmet)
rElec  .         rRot     .     (no cloak)
SustAb . .       Spirit   .     u - +0 pair of gloves
rMut   .         Warding  .     (no boots)
Saprov . . .     Stasis   .     (no amulet)
MR     .....                    (no ring)
                                (no ring)

@: regenerating quickly, not resistant to hostile enchantments, unstealthy
A: fangs 3, see invisible, unbreathing
a: no special abilities


You were on level 3 of the Dungeon.
You were very full.

You visited 1 branch of the dungeon, and saw 3 of its levels.

You collected 110 gold pieces.

Inventory:

Hand weapons
 g - a +3,+4 long sword (weapon)
Armour
 a - a +0 robe (worn)
 u - a +0 pair of gloves (worn)
Scrolls
 d - a scroll of enchant armour {unknown}
 f - 3 scrolls of identify {unknown}
 o - 2 scrolls of remove curse {unknown}
 p - a scroll of fog {unknown}
 r - a scroll of random uselessness {unknown}
 s - a scroll of fear {unknown}
Potions
 c - a potion of cure mutation {!q}
 e - 2 potions of magic {unknown}
 h - a potion of agility
 i - a potion of brilliance
 j - 2 potions of poison {unknown}
 k - 4 potions of curing
 l - a potion of heal wounds {unknown}
 m - a potion of might
 n - a potion of mutation {unknown}
 q - a potion of beneficial mutation {unknown}
 t - a potion of invisibility {unknown}
Books
 b - a book of Callings

   Spells                             Type                      Level
   *Summon Small Mammal               Summoning                    1
   Call Imp                           Summoning                    2
   *Call Canine Familiar              Summoning                    3
   Summon Guardian Golem              Hexes/Summoning              4
   Summon Lightning Spire             Summoning/Air                4
   Summon Ice Beast                   Ice/Summoning                4


   Skills:
 - Level 2.3 Dodging
 - Level 3.0 Stealth
 + Level 3.1 Spellcasting
 * Level 5.9 Summonings


You had 6 spell levels left.
You knew the following spells:

 Your Spells              Type           Power        Failure   Level  Hunger
a - Summon Small Mammal   Summ           ###.         1%          1    None
c - Call Canine Familiar  Summ           ###.....     4%          3    ###....


Dungeon Overview and Level Annotations

Branches:
Dungeon (3/15)

Altars:


Innate Abilities, Weirdness & Mutations

Your natural rate of healing is unusually fast.
You have razor-sharp teeth.*
You have supernaturally acute eyesight.
You can survive without breathing.*


Message History

The orc barely misses you. The orc hits you with a club.
You slash the orc!
You kill the orc!
The orc wizard barely misses you.
You closely miss the orc wizard.
The orc wizard points at you and mumbles some strange words.
The magic dart hits you! The orc wizard barely misses you.
You miss the orc wizard.
The orc wizard hits you with a glowing dagger.
You are electrocuted!
Ouch! That really hurt!
* * * LOW HITPOINT WARNING * * *
The orc wizard hits you with a dagger of electrocution.
* * * LOW HITPOINT WARNING * * *
Drink which item? (? for menu, Esc to quit)
You feel better.
It was a potion of curing.
The orc wizard hits you with a dagger of electrocution.
* * * LOW HITPOINT WARNING * * *
The orc wizard hits you with a dagger of electrocution.
You die...

.# #.#...# #.......#..
.# #.###.# #..###### .#
#.# #.# ###..## .#
#.###.# #.....# .#
#.....# #.#...# ##
####### #)#...# #.#...#
############.....###
....oooo@..............
#############.##.#####
.....# #.##### #. ##


You could see an orc wizard and 3 orcs.

Vanquished Creatures
  Sigmund (D:2)
  4 adders
  A giant gecko (D:1)
  An orc (D:3)
  2 ball pythons (D:2)
  3 bats
  12 hobgoblins
  4 jackals (D:2)
  10 kobolds
  3 giant cockroaches
  7 giant newts
  3 goblins
  12 rats
63 creatures vanquished.

Vanquished Creatures (collateral kills)
  A worm (D:2)
  A bat (D:2)
2 creatures vanquished.

Vanquished Creatures (others)
  5 quokkas (D:2)
5 creatures vanquished.

Grand Total: 70 creatures vanquished

Notes
Turn   | Place    | Note
--------------------------------------------------------------
     0 | D:1      | PolkaDot, the Vampire Summoner, began the quest for the Orb.
     0 | D:1      | Reached XP level 1. HP: 13/13 MP: 3/3
   125 | D:1      | Reached XP level 2. HP: 19/19 MP: 4/4
   547 | D:2      | Reached XP level 3. HP: 13/24 MP: 6/6
   824 | D:2      | Reached skill level 5 in Summonings
   865 | D:2      | Noticed Sigmund
   872 | D:2      | Learned a level 3 spell: Call Canine Familiar
   904 | D:2      | Killed Sigmund
   904 | D:2      | Reached XP level 4. HP: 8/30 MP: 1/9
  1195 | D:2      | Reached XP level 5. HP: 30/35 MP: 11/11
  2151 | D:3      | Slain by an orc wizard

Action                   |  1- 3 |  4- 6 || total
-------------------------+-------+-------++-------
Melee: Mace              |   108 |    61 ||   169
       Long sword        |       |     7 ||     7
 Cast: Summon Small Mamm |    10 |       ||    10
       Call Canine Famil |     1 |       ||     1
  Use: Potion            |     5 |     1 ||     6
 Stab: Sleeping          |     6 |     5 ||    11
       Distracted        |     1 |     1 ||     2
